 Dungeon Crawl Stone Soup version 0.30-a0-913-g9934a0ce24 (webtiles) character file.

Game seed: 5546374903105609814

2644 Iniera the Slicer (level 9, 0/49 HPs)
             Began as a Vine Stalker Monk on Mar 19, 2023.
             Was a Priest of Qazlal.
             Killed by divine providence
             ... invoked by an orc priest
              (9 damage)
             ... on level 8 of the Dungeon.
             The game lasted 00:10:25 (5200 turns).

Iniera the Slicer (Vine Stalker Monk)               Turns: 5200, Time: 00:10:26

Health: 0/49       AC:  9    Str: 15    XL:     9   Next: 62%
Magic:  0/10       EV: 15    Int: 16    God:    Qazlal [***...]
Gold:   405        SH:  4    Dex: 20    Spells: 8/8 levels left

rFire   + . .      SeeInvis .    a - +2 short sword (venom)
rCold   . . .      Faith    .    (no shield)
rNeg    . . .      Spirit   +    k - +3 leather armour {rPois}
rPois   +          Reflect  .    A - +1 helmet
rElec   .          Rampage  .    (no cloak)
rCorr   .                        m - +0 pair of gloves
Will    +....                    (no boots)
Stlth   ++                       (no amulet)
HPRegen 1.08/turn                w - ring of protection from fire
MPRegen 0.12/turn                i - +6 ring of intelligence

@: no status effects
A: fangs 3, regeneration 1, magic shield, antimagic bite, no potion heal 2
a: Renounce Religion, Upheaval, Elemental Force


You were on level 8 of the Dungeon.
You worshipped Qazlal.
Qazlal was most pleased with you.
You visited 2 branches of the dungeon, and saw 8 of its levels.
You also visited: Sewer.

You collected 405 gold pieces.

Inventory:

Hand Weapons
 a - a +2 short sword of venom (weapon)
 b - a +1 dagger of freezing
 y - a +0 scimitar
Armour
 k - a +3 leather armour of poison resistance (worn)
 m - a +0 pair of gloves (worn)
 A - a +1 helmet (worn)
Jewellery
 i - a +6 ring of intelligence (right hand)
 l - a ring of positive energy
 w - a ring of protection from fire (left hand)
Wands
 s - a wand of paralysis (6)
 v - a wand of iceblast (9)
Scrolls
 j - a scroll of amnesia
 n - a scroll of teleportation
 t - 2 scrolls of magic mapping
 u - 2 scrolls of blinking
 z - a scroll of fog
Potions
 c - a potion of ambrosia
 d - a potion of haste {unknown}
 e - 7 potions of curing
 f - a potion of heal wounds {unknown}
 g - a potion of attraction {unknown}
 h - 3 potions of lignification {unknown}
 o - a potion of resistance {unknown}
 p - a potion of brilliance {unknown}
 q - a potion of might {unknown}
 r - 2 potions of flight {unknown}
 B - a potion of berserk rage {unknown}
 C - 4 potions of mutation {unknown}


   Skills:
 + Level 6.8 Fighting
 - Level 8.1 Short Blades
 + Level 0.3 Armour
 + Level 6.2 Dodging
 - Level 2.4 Stealth
 + Level 0.2 Invocations


You had 8 spell levels left.
You didn't know any spells.
Your spell library contained the following spells:

 Spells                   Type           Power      Damage    Failure   Level
 Apportation              Tloc           0%         N/A       30%         1
 Beastly Appendage        Tmut           0%         N/A       30%         1
 Necrotise                Necr           0%         1d4       30%         1
 Summon Small Mammal      Summ           0%         N/A       30%         1
 Sublimation of Blood     Necr           0%         N/A       43%         2
 Wereblood                Tmut           0%         N/A       43%         2
 Ozocubu's Armour         Ice            0%         N/A       67%         3
 Spider Form              Tmut/Pois      0%         N/A       67%         3
 Summon Guardian Golem    Hex/Summ       0%         N/A       67%         3
 Petrify                  Tmut/Erth      0%         N/A       97%         4
 Irradiate                Conj/Tmut      0%         3d11      100%        5
 Iskenderun's Battlesphe  Conj           0%         2d6       100%        5
 Metabolic Englaciation   Hex/Ice        0%         N/A       100%        5
 Iron Shot                Conj/Erth      0%         9d1       100%        6
 Simulacrum               Ice/Necr       0%         N/A       100%        6
 Orb of Destruction       Conj           0%         9d5       100%        7
 Spellforged Servitor     Conj/Summ      0%         N/A       100%        7


Dungeon Overview and Level Annotations

Branches:
Dungeon (6/15)             Temple (1/1) D:4           Sewer (visited)

Altars:
Ashenzari
Cheibriados
Dithmenos
Elyvilon
Fedhas
Gozag
Hepliaklqana
Kikubaaqudgha
Nemelex Xobeh
Okawaru
Qazlal
Ru
Sif Muna
Trog
Uskayaw
Vehumet
Wu Jian
Xom
Yredelemnul
Zin
The Shining One

Shops:
D:2 [


Innate Abilities, Weirdness & Mutations

You have razor-sharp teeth.
Your natural rate of healing is unusually fast.
When hurt, damage is shared between your health and your magic reserves.
Your bite disrupts and absorbs the magic of your enemies.
Potions cannot restore your health.


Message History

You barely miss the orc priest. Your bite misses the orc priest.
The orc priest is moderately wounded.
You hit the orc priest but do no damage.
The orc priest looks as sick as possible!
The orc priest is moderately wounded.
You block the orc priest's attack.
The orc warrior hits you from afar with a +0 trident.
The human hits you with a +0 club.
You barely miss the orc priest.
The orc priest is moderately wounded.
The human attacks as you move away! The human hits you with a +0 club.
The orc priest calls down the wrath of Beogh upon you.
Beogh smites you!
* * * LOW HITPOINT WARNING * * *
The orc warrior hits you from afar with a +0 trident.
* * * LOW HITPOINT WARNING * * *
An orc comes into view. It is wielding a +0 flail.
Unknown command.
Okay, then.
You don't have enough magic at the moment.
You hit the human.
The human is lightly wounded.
The orc priest begins to cast a cantrip, but forgets the words!
The orc warrior hits you but does no damage.
The human closely misses you.
Okay, then.
Unknown command.
The air fills with toxic fumes!
As you read the scroll of poison, it crumbles to dust.
The orc wizard gestures wildly while chanting.
The orc wizard flickers and vanishes!
Deactivating autopickup; reactivate with Ctrl-A.
The orc priest barely misses you. You block the orc warrior's attack.
The human is struck by lightning.
The human hits you with a +0 club.
* * * LOW HITPOINT WARNING * * *
The orc hits you but does no damage. Something hits you but does no damage.
The orc priest calls down the wrath of Beogh upon you.
Beogh smites you!
You die...

###.#####################
......§§§...>..........#
..#####o##############.#
#. #§o.°§§# #.# #.
#§§p@§§# #.# #.###o§{§§§#
#.# #..§§§§§§§§# #.#
#.§##§§§§§§# #.#
#§)######### #.# .§..o
#.# #./#.... #.#
...##..... #.# ..##
#...... #.#


You could see a human, an orc warrior, an orc priest (very poisoned) and an orc.

Vanquished Creatures
  A two-headed ogre (D:5)
  2 water moccasins
  A sky beast (D:3)
  An ice beast (D:6)
  2 ogres (D:5)
  2 centaurs (D:5)
  6 kobold brigands (Sewer)
  Blork the orc (D:4)
  A scorpion (D:4)
  3 wights (D:8)
  3 hounds
  A gnoll bouda (D:6)
  A jelly (D:5)
  An orc priest (D:8)
  An iron imp (D:5)
  Terence (D:2)
  4 iguanas
  3 orc wizards
  4 gnolls (D:6)
  8 adders
  3 river rats (Sewer)
  4 worms
  3 dart slugs
  18 orcs
  12 endoplasms
  6 giant cockroaches
  7 hobgoblins
  2 jackals (D:3)
  13 kobolds
  5 quokkas
  8 ball pythons
  2 bats
  2 frilled lizards
  8 goblins
  A hobgoblin zombie (D:5)
  2 kobold skeletons (D:5)
  A kobold zombie (D:5)
  2 orc zombies (D:5)
  8 rats
154 creatures vanquished.

Notes
Turn   | Place    | Note
-------+----------+-------------------------------------------
     0 | D:1      | Iniera the Vine Stalker Monk began the quest for the Orb.
     0 | D:1      | Reached XP level 1. HP: 11/11 MP: 2/2
   190 | D:1      | Reached skill level 3 in Short Blades
   232 | D:1      | Reached XP level 2. HP: 16/16 MP: 3/3
   647 | D:1      | Reached XP level 3. HP: 19/19 MP: 4/4
   975 | D:2      | Found Titarae's Antique Armour Emporium.
   991 | D:2      | Reached skill level 4 in Short Blades
  1064 | D:2      | Found an ornate altar of the Wu Jian Council.
  1242 | D:2      | Noticed Terence
  1252 | D:2      | Killed Terence
  1253 | D:2      | Gained mutation: Your natural rate of healing is unusually
                  | fast. [Vine Stalker growth]
  1253 | D:2      | Reached XP level 4. HP: 20/23 MP: 5/5
  1670 | D:3      | Noticed a sky beast
  1674 | D:3      | Killed a sky beast
  1675 | D:3      | Reached skill level 5 in Short Blades
  1675 | D:3      | Reached XP level 5. HP: 28/28 MP: 6/6
  1876 | D:3      | Reached XP level 6. HP: 27/32 MP: 5/7
  2384 | D:4      | Found a staircase to the Ecumenical Temple.
  2401 | Temple   | Entered the Ecumenical Temple
  2579 | Temple   | Became a worshipper of Qazlal Stormbringer
  2579 | Temple   | Reached * piety under Qazlal
  2579 | Temple   | Reached ** piety under Qazlal
  2637 | D:4      | Found a glowing drain.
  2664 | Sewer    | Entered a sewer
  2733 | Sewer    | Reached XP level 7. HP: 23/37 MP: 6/8
  2798 | Sewer    | Reached skill level 6 in Short Blades
  3388 | D:4      | Noticed Blork the orc
  3398 | D:4      | Killed Blork the orc
  3401 | D:4      | Gained mutation: You have razor-sharp teeth. [Vine Stalker
                  | growth]
  3401 | D:4      | Reached XP level 8. HP: 35/42 MP: 7/9
  3657 | D:4      | Reached *** piety under Qazlal
  3740 | D:4      | Reached skill level 7 in Short Blades
  3859 | D:5      | Entered Level 5 of the Dungeon
  3901 | D:5      | Noticed a two-headed ogre
  3912 | D:5      | Killed a two-headed ogre
  3913 | D:5      | Reached skill level 5 in Fighting
  3913 | D:5      | Reached skill level 8 in Short Blades
  3913 | D:5      | Reached XP level 9. HP: 35/47 MP: 6/10
  3967 | D:5      | Found a faded altar of an unknown god.
  3967 | D:5      | Found a faded altar of an unknown god.
  3969 | D:5      | Found a hazy altar of Hepliaklqana.
  3976 | D:5      | Reached skill level 5 in Dodging
  4219 | D:5      | Found a glowing golden altar of the Shining One.
  4406 | D:5      | Found a glowing silver altar of Zin.
  4910 | D:6      | Found a shimmering altar of Xom.
  4914 | D:6      | You fall into a shaft and drop 2 floors!
  5200 | D:8      | Killed from afar by an orc priest

Illustrated notes

Levels and vault maps discovered:
D:1:      dpeg_arrival_more_subterranean_lakeside_camping, layout_basic
D:2:      layout_loops_ring, basic_altar, serial_shops,
          nicolae_shop_temple_entry_statues_fountains, uniq_terence
D:3:      layout_loops_ring, kennysheep_path_1
D:4:      kennysheep_big_flooded_room, layout_rooms, minmay_temple_entry_glass,
          nicolae_ossuary_entry_ruins, cheibrodos_sewer_entry_bend,
          uniq_blork_the_orc
D:5:      layout_basic, nicolae_hepliaklqana_ecumenical_no_more,
          lemuel_tele_altar, nicolae_tso_besieged_by_evil
D:6:      layout_cave_pods, makhleb_heckhound_becter,
          mainiacjoe_overflow_24_doors
D:8:      layout_basic, minmay_ruffians
Temple:   minmay_crystal_spiral_temple

Skill      XL: |  1  2  3  4  5  6  7  8  9 |
---------------+----------------------------+-----
Short Blades   | 3 4 5 6 8 |  8.1
Fighting       | 3 4 5 6 |  6.8
Dodging        | 3 4 6 |  6.2
Armour         | |  0.3
Stealth        | |  2.4
Invocations    | |  0.2

Action                     |  1- 3 |  4- 6 |  7- 9 || total
---------------------------+-------+-------+-------++-------
  Melee: Short sword       |   117 |   130 |   304 ||   551
         Bite              |    31 |    33 |   106 ||   170
         Punch             |     2 |     2 |     3 ||     7
 Invoke: Upheaval          |       |       |     1 ||     1
    Use: Scroll            |     2 |     7 |     6 ||    15
   Stab: Sleeping          |     4 |     6 |       ||    10
 Armour: Robe              |     8 |       |       ||     8
         Leather armour    |     5 |    29 |    45 ||    79
  Dodge: Dodged            |    57 |    33 |   161 ||   251
  Block: Other             |       |     3 |    23 ||    26

Table legend: (Time is in decaauts)
 A = Elapsed time spent in this place.
 B = Non-inter-level travel time spent in this place.
 C = Inter-level travel time spent in this place.
 D = Time resting spent in this place.
 E = Time spent auto-exploring this place.
 F = Levels seen in this place.
 G = Mean time per level.
                   A        B        C        D        E       F      G
               +--------+--------+--------+--------+--------+-----+--------+
         Total |   5186 |   4894 |    292 |     15 |   3735 |   9 |  576.2 |
       Dungeon |   4214 |   4011 |    203 |     15 |   3115 |   7 |  602.0 |
        Temple |    216 |    128 |     88 |      0 |    112 |   1 |  216.0 |
         Sewer |    754 |    754 |      0 |      0 |    508 |   1 |  754.0 |
               +--------+--------+--------+--------+--------+-----+--------+

Top non-repeatable levels by time:
     D:3: 891 daAuts
     D:1: 783 daAuts
   Sewer: 754 daAuts
     D:5: 737 daAuts
     D:4: 635 daAuts
     D:2: 625 daAuts
     D:8: 275 daAuts
     D:6: 265 daAuts
  Temple: 216 daAuts
